 Dungeon Crawl Stone Soup version 0.31.0-1-g2c135a008e (webtiles) character file.

Game seed: 16974258077526102368

1943 qw the Shooter (level 9, 0/65 HPs)
             Began as a Djinni Hunter on Jan 23, 2024.
             Was a Follower of Okawaru.
             Slain by an orc warrior
             ... wielding a +0 glaive
              (9 damage)
             ... on level 6 of the Dungeon.
             The game lasted 00:00:21 (5301 turns).

qw the Shooter (Djinni Hunter)                      Turns: 5301, Time: 00:00:22

Health: 0/65       AC:  4    Str:  9    XL:     9   Next: 41%
Gold:   1030       EV: 15    Int: 10    God:    Okawaru [*.....] SH:  0 Dex: 25

rFire   + + .        d - +0 orcbow
rCold   x . .        (shield currently unavailable)
rNeg    . . .        m - +0 ring mail
rPois   inf          i - +0 helmet
rElec   .            (no cloak)
rCorr   .            (no gloves)
SInv    .            (boots unavailable)
Will    .....        (no amulet)
Stlth   ++           (no ring)
HPRegen 0.30/turn    (no ring)
MPRegen 0.00/turn

%: infuse magic (-1 HP)
@: flying
A: sickness immunity, fire resistance 2, cold vulnerability 1, float, innate
caster, HP casting, extra vitality 1, agile 1, deformed body, sturdy frame 1
a: Renounce Religion, Heroism


You were on level 6 of the Dungeon.
You worshipped Okawaru.
Okawaru was aware of your devotion.
You visited 1 branch of the dungeon, and saw 7 of its levels.
You also visited: Sewer.

You collected 1030 gold pieces.


Innate Abilities, Weirdness & Mutations

You are immune to sickness and miasma.
You are immune to poison.
Your flesh is very heat resistant. (rF++)
You are vulnerable to cold. (rC-)
You float through the air rather than walking.
You learn spells naturally, not from books.
Your magical power is your life essence.
You have superior vitality. (+4 MHP)
You are agile. (Dex +4, Str/Int -1)
Armour fits poorly on your strangely shaped body.
Your movements are slightly less encumbered by armour. (ER -2)


   Skills:
 - Level 5.1 Fighting
 + Level 7.7 Ranged Weapons
 - Level 2.6 Armour
 - Level 5.0 Dodging
 - Level 0.7 Stealth
 - Level 4.0 Invocations


You knew the following spells:

 Your Spells              Type           Power      Damage    Failure   Level
a - Freeze                Ice            0%         1d3       52%         1
b - Scorch                Fire           0%         2d5       67%         2
c - Tukima's Dance        Hex            0%         N/A       88%         3
d - Brom's Barrelling Bo  Conj/Erth      0%         2d3       99%         4
Your spell library was empty.

Inventory:

Hand Weapons
 d - a +0 orcbow (weapon)
Armour
 i - a +0 helmet (worn)
 m - a +0 ring mail (worn)
Potions
 c - a potion of curing
 e - a potion of magic
 f - a potion of cancellation
 g - a potion of might
 j - a potion of degeneration {unknown}

Dungeon Overview and Level Annotations

Branches:
Dungeon (7/15)             Temple (0/1) D:6           Sewer (visited)

Altars:
Dithmenos
Hepliaklqana
Makhleb
Okawaru
Trog
Zin

Annotations:
D:2 1 runed translucent door, Crazy Yiuf


Message History

Okawaru accepts your kill.
Done exploring.
What level of the Dungeon? (default 7, ? - help)
You fly downwards.
You hear the roar of battle.
There is an entrance to a bailey on this level.
Hurry and find it before the portal closes forever!
The orc completely misses you.
The orc warrior hits you with a +0 glaive!!
The orc warrior hits you with a +0 glaive.
The orc hits you but does no damage.
There is a stone staircase leading up here.
5294 ||| STAIRDANCE The orc warrior barely misses you.
The orc completely misses you.
You fly upwards.
There is a stone staircase leading down here.
You shoot an arrow. The arrow hits the orc warrior!
The orc warrior is moderately wounded.
The orc hits you but does no damage. The orc warrior completely misses you.
You shoot an arrow.
The arrow closely misses the orc warrior.
The orc closely misses you. The orc warrior completely misses you.
You shoot an arrow. The arrow hits the orc warrior.
The orc warrior is heavily wounded.
The orc closely misses you. The orc warrior closely misses you.
The orc warrior hits you with a +0 glaive!
The orc hits you with a +0 dagger.
You shoot an arrow.
The arrow barely misses the orc warrior.
The orc warrior barely misses you. The orc hits you with a +0 dagger.
You shoot an arrow.
The arrow hits the orc warrior but does no damage.
The orc warrior is heavily wounded.
The orc closely misses you.
The orc warrior hits you with a +0 glaive!!
You shoot an arrow.
The arrow hits the orc warrior but does no damage.
The orc warrior is heavily wounded.
The orc hits you but does no damage.
The orc warrior hits you with a +0 glaive!
You die...

##### #.... #.### #.#
#.#
#################.###
##....................
#...#####.##.###......
#.#.o@o...##.# #.#.##.
#...########.# #.#....
##(## #.###.#..#. #.#
#?#........ #.#
#.#.#.#..## #.#
#.#.#.#.... #.#
#........##
#.###########!#.#####
####.............#......


You could see an orc warrior and an orc.

Vanquished Creatures
  Grinder (D:4)
  Prince Ribbit (D:5)
  Sigmund (D:2)
  Menkaure (D:4)
  Pargi (Sewer)
  An ogre (D:5)
  A phantom (D:4)
  A brain worm (Sewer)
  A kobold brigand (D:4)
  A bullfrog (D:6)
  A scorpion (D:6)
  3 wights (D:6)
  A howler monkey (D:5)
  A bombardier beetle (D:4)
  2 jellies
  3 hounds
  A sleepcap (D:5)
  Natasha (D:3)
  5 iguanas
  Robin (D:3)
  3 gnolls (D:4)
  8 adders
  A white imp (D:6)
  2 ufetubi (D:6)
  3 dart slugs (D:1)
  3 ribbon worms
  2 orcs
  8 ball pythons
  10 endoplasms
  3 giant cockroaches
  10 goblins
  6 hobgoblins
  2 jackals (D:4)
  4 quokkas
  15 bats
  2 frilled lizards
  4 kobolds
  6 rats
121 creatures vanquished.

Notes
Turn   | Place    | Note
-------+----------+-------------------------------------------
     0 | D:1      | qw the Djinni Hunter began the quest for the Orb.
     0 | D:1      | Reached XP level 1. HP: 18/18 MP: 0/0
     0 | D:1      | 0 ||| qw: Version: 0.3-a-132-g3d54051
     0 | D:1      | 0 ||| qw: Game counter: 646
     0 | D:1      | 0 ||| qw: Melee chars always use a shield: true
     0 | D:1      | 0 ||| qw: God list: Okawaru
     0 | D:1      | 0 ||| qw: Allow faded altars: false
     0 | D:1      | 0 ||| qw: Do Orc after clearing Dungeon:15 true
     0 | D:1      | 0 ||| qw: Do second Lair branch before Depths: true
     0 | D:1      | 0 ||| qw: Lair rune preference: random
     0 | D:1      | 0 ||| qw: Goals: Normal
     0 | D:1      | 0 ||| PLANNING D:1-11
    61 | D:1      | Reached XP level 2. HP: 23/23 MP: 0/0
    74 | D:1      | HP: 4/23 [giant cockroach (2)]
   323 | D:1      | Reached skill level 4 in Ranged Weapons
   323 | D:1      | Reached XP level 3. HP: 28/28 MP: 0/0
   323 | D:1      | Learned a level 1 spell: Freeze
   536 | D:1      | 536 ||| UPGRADING to +0 ring mail.
   546 | D:1      | 546 ||| DROPPING +0 leather armour.
   547 | D:1      | 547 ||| READING 2 scrolls labelled UWNAJE KUNU.
   547 | D:1      | 547 ||| ENCHANTING +0 shortbow.
   548 | D:1      | 548 ||| READING scroll of enchant weapon.
   548 | D:1      | 548 ||| ENCHANTING +1 shortbow.
   549 | D:1      | 549 ||| READING scroll labelled SIAMER XUGOZIWK.
   549 | D:1      | Identified a scroll of acquirement
   549 | D:1      | 549 ||| ACQUIRING 661 gold pieces
   549 | D:1      | Acquired 661 gold pieces
   551 | D:1      | 551 ||| READING scroll labelled LATOMU KOGOCI.
   554 | D:1      | 554 ||| READING scroll labelled TYXOCAERIG.
   554 | D:1      | 554 ||| IDENTIFYING lumpy emerald potion
   555 | D:1      | 555 ||| READING scroll labelled COBOUSCHIRA.
   555 | D:1      | 555 ||| ENCHANTING +2 shortbow.
   556 | D:1      | 556 ||| READING scroll labelled YNYRPHU KAR SUO.
   557 | D:1      | 557 ||| READING scroll labelled JOV WAIHIXEMU.
   558 | D:1      | 558 ||| DROPPING scroll of butterflies.
   559 | D:1      | 559 ||| DROPPING potion of attraction.
   568 | D:2      | Reached skill level 1 in Armour
   727 | D:2      | Reached XP level 4. HP: 34/34 MP: 0/0
   739 | D:2      | Reached skill level 3 in Fighting
   794 | D:2      | Noticed Sigmund
   797 | D:2      | 797 ||| DRINKING brown potion.
   803 | D:2      | 803 ||| FLEEEEING.
   814 | D:2      | 814 ||| FLEEEEING.
   825 | D:2      | 825 ||| FLEEEEING.
   830 | D:2      | 830 ||| FLEEEEING.
   831 | D:2      | 831 ||| FLEEEEING.
   843 | D:2      | Killed Sigmund
   844 | D:2      | Reached skill level 5 in Ranged Weapons
   844 | D:2      | Reached XP level 5. HP: 29/40 MP: 0/0
   844 | D:2      | Learned a level 2 spell: Scorch
   844 | D:2      | Reached XP level 6. HP: 33/46 MP: 0/0
  1197 | D:2      | Found a runed translucent door.
  1198 | D:2      | Noticed Crazy Yiuf
  1433 | D:2      | 1433 ||| UPGRADING to +1 hat.
  1438 | D:2      | 1438 ||| READING scroll labelled DUIKOM FUSA.
  1439 | D:2      | 1439 ||| READING scroll labelled SAMOUR OL MIAXT.
  1440 | D:2      | 1440 ||| FLEEEEING.
  1517 | D:2      | 1517 ||| DRINKING 2 murky clear potions.
  1550 | D:3      | 1550 ||| PLANNING SEWER
  1556 | D:3      | Found a glowing drain.
  1574 | Sewer    | Entered a sewer
  1610 | Sewer    | Reached skill level 3 in Dodging
  1686 | Sewer    | Noticed Pargi
  1697 | Sewer    | Killed Pargi
  1698 | Sewer    | Reached XP level 7. HP: 31/51 MP: 0/0
  1698 | Sewer    | Learned a level 3 spell: Tukima's Dance
  1810 | D:3      | 1810 ||| PLANNING D:1-11
  1857 | D:3      | Found a bloodstained altar of Trog.
  1974 | D:3      | Noticed Natasha
  1978 | D:3      | Killed Natasha
  2129 | D:3      | Found a hazy altar of Hepliaklqana.
  2267 | D:3      | Noticed Robin
  2271 | D:3      | Killed Robin
  2324 | D:3      | 2324 ||| UPGRADING to +0 helmet.
  2334 | D:3      | 2334 ||| DROPPING +1 hat.
  2335 | D:3      | 2335 ||| READING scroll labelled QOEJ JAUNYGG.
  2336 | D:3      | 2336 ||| FLEEEEING.
  2446 | D:3      | 2446 ||| READING scroll labelled GUGREM POPPA.
  2476 | D:4      | 2476 ||| RETREEEEATING.
  2477 | D:4      | 2477 ||| RETREEEEATING.
  2488 | D:4      | HP: 12/52 [gnoll/+0 whip (6)]
  2490 | D:4      | HP: 4/52 [gnoll/+0 whip (3)]
  2493 | D:4      | Reached skill level 6 in Ranged Weapons
  2493 | D:4      | 2493 ||| FLEEEEING.
  2494 | D:4      | 2494 ||| FLEEEEING.
  2495 | D:4      | 2495 ||| STAIRDANCE
  2717 | D:4      | 2717 ||| FLEEEEING.
  2721 | D:4      | 2721 ||| STAIRDANCE
  2773 | D:4      | Reached XP level 8. HP: 40/58 MP: 0/0
  2852 | D:4      | Found an iron altar of Okawaru.
  2853 | D:4      | 2853 ||| PLANNING OKAWARU WORSHIP
  2853 | D:4      | 2853 ||| DROPPING +6 ring of intelligence.
  2867 | D:4      | Became a worshipper of Warmaster Okawaru
  2868 | D:4      | 2868 ||| PLANNING D:1-11
  3100 | D:4      | Noticed Menkaure
  3103 | D:4      | 3103 ||| DRINKING potion of haste.
  3113 | D:4      | HP: 12/58 [??? (9)]
  3114 | D:4      | Killed Menkaure
  3115 | D:4      | 3115 ||| FLEEEEING.
  3305 | D:4      | Noticed Grinder
  3318 | D:4      | Killed Grinder
  3318 | D:4      | Reached * piety under Okawaru
  3319 | D:4      | Reached skill level 7 in Ranged Weapons
  3394 | D:4      | 3394 ||| FLEEEEING.
  3487 | D:4      | 3487 ||| READING scroll of identify.
  3487 | D:4      | 3487 ||| IDENTIFYING amethyst potion
  3488 | D:4      | 3488 ||| READING 2 scrolls labelled QOEH ZEXKI.
  3489 | D:4      | 3489 ||| READING scroll labelled ACSUGUE LEEDOI.
  3490 | D:4      | 3490 ||| FLEEEEING.
  3600 | D:4      | 3600 ||| DROPPING scroll of fear.
  3615 | D:5      | Entered Level 5 of the Dungeon
  4074 | D:5      | Noticed Prince Ribbit
  4075 | D:5      | 4075 ||| SWAPPING to +0 orcbow.
  4090 | D:5      | Killed Prince Ribbit
  4091 | D:5      | Reached XP level 9. HP: 51/65 MP: 0/0
  4091 | D:5      | Learned a level 4 spell: Brom's Barrelling Boulder
  4091 | D:5      | 4091 ||| FLEEEEING.
  4136 | D:5      | 4136 ||| DROPPING +2 shortbow.
  4226 | D:5      | 4226 ||| FLEEEEING.
  4227 | D:5      | 4227 ||| FLEEEEING.
  4228 | D:5      | 4228 ||| FLEEEEING.
  4229 | D:5      | 4229 ||| FLEEEEING.
  4230 | D:5      | 4230 ||| FLEEEEING.
  4231 | D:5      | 4231 ||| FLEEEEING.
  4309 | D:5      | 4309 ||| FLEEEEING.
  4345 | D:5      | Reached skill level 3 in Invocations
  4415 | D:5      | Found a shadowy altar of Dithmenos.
  4545 | D:5      | 4545 ||| READING scroll of identify.
  4545 | D:5      | 4545 ||| IDENTIFYING blue potion
  4546 | D:5      | 4546 ||| DRINKING potion of mutation.
  4546 | D:5      | Gained mutation: Your movements are slightly less
                  | encumbered by armour. (ER -2) [potion of mutation]
  4546 | D:5      | Gained mutation: Armour fits poorly on your strangely
                  | shaped body. [potion of mutation]
  4546 | D:5      | Gained mutation: You are agile. (Dex +4, Str/Int -1)
                  | [potion of mutation]
  4547 | D:5      | 4547 ||| READING scroll labelled HAFIONAASOS.
  4548 | D:5      | 4548 ||| DRINKING 2 murky blue potions.
  4549 | D:5      | 4549 ||| DROPPING wand of flame (22).
  4550 | D:5      | 4550 ||| DROPPING potion of brilliance.
  4566 | D:6      | Found a staircase to the Ecumenical Temple.
  4634 | D:6      | Found a burning altar of Makhleb.
  4636 | D:6      | Found a glowing silver altar of Zin.
  4636 | D:6      | Noticed an angel
  4637 | D:6      | Noticed a cacodemon
  5249 | D:6      | 5249 ||| READING 2 scrolls of identify.
  5249 | D:6      | 5249 ||| IDENTIFYING coppery potion
  5250 | D:6      | 5250 ||| READING scroll of identify.
  5250 | D:6      | 5250 ||| IDENTIFYING sapphire potion
  5251 | D:6      | 5251 ||| READING scroll labelled ZUHEWA VAPNA.
  5252 | D:6      | 5252 ||| DROPPING potion of lignification.
  5272 | D:7      | 5272 ||| STAIRDANCE
  5289 | D:7      | 5289 ||| STAIRDANCE
  5294 | D:7      | 5294 ||| STAIRDANCE
  5300 | D:6      | HP: 9/65 [orc warrior/+0 glaive (21)]
  5301 | D:6      | Slain by an orc warrior

Levels and vault maps discovered:
D:1:      wander_arrival_estate, layout_rooms
D:2:      layout_loops_ring, minmay_pentomino_x2, uniq_crazy_yiuf_cottage,
          uniq_sigmund
D:3:      layout_rooms, trog_antimagical, mainiacjoe_overflow_tiny_flanked,
          cheibrodos_sewer_entry_sluice, roderic_lattice_a, uniq_robin,
          uniq_natasha
D:4:      layout_basic, mainiacjoe_overflow_catwalk, roderic_batcave,
          uniq_grinder, uniq_menkaure
D:5:      layout_loops_corners, nicolae_dithmenos_shadow_blocks,
          dk_rats_in_the_wall, uniq_prince_ribbit1
D:6:      layout_loops_ring, grunt_temple_overflow_order_and_chaos_2,
          minmay_temple_entry_mini_moons
D:7:      gammafunk_steamed_eel, layout_basic, enter_bailey_1,
          corexii_hall_statues_i

Skill      XL: |  1  2  3  4  5  6  7  8  9 |
---------------+----------------------------+-----
Ranged Weapons | 4 5 6 7 |  7.7
Armour         | 1 2 |  2.6
Fighting       | 3 4 5 |  5.1
Dodging        | 3 4 5 |  5.0
Invocations    | 2 4 |  4.0
Stealth        | |  0.7

Action                     |  1- 3 |  4- 6 |  7- 9 || total
---------------------------+-------+-------+-------++-------
   Fire: Shortbow          |    91 |    69 |   205 ||   365
         Orcbow            |       |       |    90 ||    90
    Use: Scroll            |     8 |     2 |    10 ||    20
         Potion            |       |     2 |     3 ||     5
 Armour: Leather armour    |    20 |       |       ||    20
         Ring mail         |     5 |    30 |   116 ||   151
  Dodge: Dodged            |    28 |    20 |   118 ||   166

Table legend:
 A = Non-vault XP
 B = Vault XP
 C = Vault XP percentage of total XP
 D = Non-vault monster count
 E = Vault monster count
 F = Vault count percentage of total count
                 A         B        C        D         E       F
            +---------+---------+-------+---------+---------+-------
      Total |    1521 |    1256 |  45.2 |      86 |      35 |  28.9
            +---------+---------+-------+---------+---------+-------
        D:1 |      40 |       0 |   0.0 |      20 |       0 |   0.0
        D:2 |      48 |     226 |  82.5 |      15 |       3 |  16.7
        D:3 |      70 |      85 |  54.8 |      15 |      16 |  51.6
        D:4 |     500 |     448 |  47.3 |      18 |       8 |  30.8
        D:5 |     396 |     268 |  40.4 |       8 |       1 |  11.1
        D:6 |     467 |       0 |   0.0 |      10 |       0 |   0.0
      Sewer |       0 |     229 | 100.0 |       0 |       7 | 100.0
            +---------+---------+-------+---------+---------+-------
